 Dungeon Crawl Stone Soup version 0.27.1 (webtiles) character file.

Game seed: 4180299649065334046

10809 speeev33 the Cleaver (level 11, -1/110 HPs)
             Began as a Hill Orc Fighter on Aug 29, 2021.
             Was a High Priest of Okawaru.
             Slain by an eight-headed hydra (8 damage)
             ... on level 9 of the Dungeon.
             The game lasted 00:19:32 (13531 turns).

speeev33 the Cleaver (Hill Orc Fighter)            Turns: 13531, Time: 00:19:33

Health: -1/110     AC:  9    Str: 23    XL:     11   Next: 67%
Magic:  11/11      EV:  6    Int:  8    God:    Okawaru [*****.]
Gold:   626        SH: 13    Dex: 16    Spells: 10/10 levels left

rFire    + + .     SeeInvis .   b - +0 morningstar (chaos)
rCold    + . .     Faith    .   c - +1 kite shield
rNeg     . . .     Spirit   .   v - +0 chain mail
rPois    .         Reflect  .   (no helmet)
rElec    .         Harm     .   g - scarf {rC+ rF+}
rCorr    .         Rampage  .   (no gloves)
Will     .....                  (no boots)
Stlth    ..........             (no amulet)
HPRegen  0.28/turn              k - ring of protection from fire
MPRegen  0.12/turn              q - +6 ring of dexterity

@: no status effects
A: no striking features
a: Renounce Religion, Heroism, Finesse


You were on level 9 of the Dungeon.
You worshipped Okawaru.
Okawaru was extremely pleased with you.
You visited 2 branches of the dungeon, and saw 11 of its levels.

You collected 626 gold pieces.

Inventory:

Hand Weapons
 a - the +7 war axe "Lusmiymi" {pain, Will+++}
   (You found it on level 5 of the Dungeon)

   In the hands of one skilled in necromantic magic, it inflicts extra damage on
   living creatures.
   Will:      It greatly increases your willpower.
 b - a +0 morningstar of chaos (weapon)
Armour
 c - a +1 kite shield (worn)
 g - a scarf of resistance (worn)
 v - a +0 chain mail (worn)
Jewellery
 k - a ring of protection from fire (left hand)
 q - a +6 ring of dexterity (right hand)
 A - a ring of fire
Wands
 d - a wand of flame (60)
 o - a wand of charming (9)
 p - a wand of polymorph (6)
 y - a wand of digging (4)
 z - a wand of iceblast (11)
Scrolls
 j - a scroll of magic mapping
 l - 2 scrolls of fear
 m - 3 scrolls of enchant weapon
 n - 4 scrolls of teleportation
 t - a scroll of enchant armour
Potions
 e - 3 potions of heal wounds
 f - a potion of flight
 h - 4 potions of ambrosia
 i - a potion of brilliance
 r - a potion of curing {unknown}
 s - a potion of cancellation {unknown}
 u - a potion of magic {unknown}
 w - 2 potions of attraction {unknown}
 x - 2 potions of haste {unknown}


   Skills:
 + Level 14.0 Fighting
 + Level 14.8 Axes
 - Level 3.2 Armour
 + Level 8.4 Shields


You had 10 spell levels left.
You didn't know any spells.
Your spell library contained the following spells:

 Spells                   Type           Power      Damage    Failure   Level
 Freeze                   Ice            0%         1d3       100%        1
 Sting                    Tmut/Pois      0%         1d3       100%        1
 Corpse Rot               Necr/Air       N/A        N/A       100%        2
 Poisonous Vapours        Pois/Air       0%         N/A       100%        2
 Frozen Ramparts          Ice            0%         1d2       100%        3
 Tukima's Dance           Hex            0%         N/A       100%        3
 Hailstorm                Conj/Ice       0%         3d3       100%        4
 Ice Form                 Ice/Tmut       0%         N/A       100%        4
 Olgreb's Toxic Radiance  Pois           0%         N/A       100%        4
 Passage of Golubria      Tloc           N/A        N/A       100%        4
 Summon Ice Beast         Ice/Summ       0%         N/A       100%        4
 Freezing Cloud           Conj/Ice/Air   0%         6-21      100%        5
 Yara's Violent Unravell  Hex/Tmut       0%         3d3       100%        5
 Simulacrum               Ice/Necr       0%         N/A       100%        6


Dungeon Overview and Level Annotations

Branches:
Dungeon (10/15)            Temple (1/1) D:6            Lair (0/6) D:8
    Orc: D:9-12

Altars:
Ashenzari
Elyvilon
Fedhas
Gozag
Hepliaklqana
Kikubaaqudgha
Makhleb
Nemelex Xobeh
Okawaru
Qazlal
Sif Muna
Trog
Uskayaw
Vehumet
Wu Jian
Xom
Yredelemnul
Zin
The Shining One


Message History

a +0 trident; a scroll of teleportation; an orc corpse
Things that are here:
a +0 halberd; +1 steam dragon scales
There is an open door here.
There is a stone staircase leading up here.
The eight-headed hydra bites you but does no damage.
The eight-headed hydra bites you.
You block the eight-headed hydra's attack.
The eight-headed hydra bites you.
You block the eight-headed hydra's attack.
The eight-headed hydra bites you but does no damage.
The eight-headed hydra bites you!
The eight-headed hydra completely misses you.
You climb upwards.
There is a stone staircase leading down here.
Your +0 morningstar of chaos is briefly surrounded by a scintillating aura of random colours.
b - a +0 morningstar of chaos (weapon)
You block the eight-headed hydra's attack.
The eight-headed hydra bites you!
The eight-headed hydra bites you but does no damage.
The eight-headed hydra bites you!
* * * LOW HITPOINT WARNING * * *
The eight-headed hydra bites you but does no damage.
You block the eight-headed hydra's attack.
The eight-headed hydra bites you but does no damage.
The eight-headed hydra bites you.
* * * LOW HITPOINT WARNING * * *
The eight-headed hydra bites you!
* * * LOW HITPOINT WARNING * * *
You block the eight-headed hydra's attack.
The eight-headed hydra bites you.
* * * LOW HITPOINT WARNING * * *
The eight-headed hydra bites you!
* * * LOW HITPOINT WARNING * * *
You block the eight-headed hydra's attack.
The eight-headed hydra bites you!
* * * LOW HITPOINT WARNING * * *
You block the eight-headed hydra's attack.
The eight-headed hydra bites you!
You die...

###......#..... ###..............
#.......##.......
##...#............
#.....#.##.......#
##...##...........
#############............
##..........#.............
##........@................
#..≈≈≈≈≈≈≈≈D.#.............
#..≈.......≈....#........<. ####
#..≈.≈.§≈≈.≈....###........
#..####..≈.≈...§.≈....#####......
#....##..≈.§.§§§§§......#####....
#.....#..≈.≈.§§§.§........##.....
##.......≈.≈≈§§§§§...............
##......≈.......≈...............


You could see an eight-headed hydra.

Vanquished Creatures
  3 two-headed ogres
  Pikel (D:9)
  An elephant (D:8)
  Maggie (D:10)
  Prince Ribbit (D:8)
  8 yaks
  A wraith (D:9)
  A vampire (D:10)
  Eustachio (D:5)
  A wyvern (D:9)
  Grum (D:8)
  2 steam dragons
  3 vampire mosquitoes (D:8)
  A basilisk (D:8)
  2 wargs (D:10)
  An acid dragon (D:7)
  A water moccasin (D:7)
  A meliai simulacrum (D:10)
  2 black bears
  An orc warrior (D:9)
  2 sky beasts
  4 ice beasts
  4 wolves (D:8)
  A necrophage (D:5)
  An ogre (D:5)
  4 lemures
  5 centaurs
  A phantom (D:5)
  2 kobold brigands
  2 bullfrogs
  3 scorpions
  A water moccasin skeleton (D:4)
  5 killer bees (D:8)
  8 wights
  2 bullfrog zombies (D:6)
  2 hounds
  4 orc priests
  6 centaur zombies
  A gnoll shaman (D:8)
  A jelly (D:4)
  Ijyb (D:5)
  2 centaur skeletons
  An iguana (D:4)
  Natasha (D:3)
  4 orc wizards
  2 killer bee zombies
  2 mummies (D:8)
  A hound skeleton (D:4)
  3 howler monkey zombies
  6 gnolls
  10 adders
  2 ufetubi
  3 worms
  2 adder skeletons (D:4)
  A dart slug (D:4)
  27 orcs
  2 bats
  3 endoplasms
  2 giant cockroaches
  5 hobgoblins
  5 jackals
  18 kobolds
  2 quokkas (D:2)
  7 ball pythons
  A frilled lizard (D:3)
  8 goblins
  7 rats
221 creatures vanquished.

Vanquished Creatures (others)
  A bush (D:6)
  2 fungi (D:8)
  4 withered plants (D:8)
7 creatures vanquished.

Grand Total: 228 creatures vanquished

Notes
Turn   | Place    | Note
-------+----------+-------------------------------------------
     0 | D:1      | speeev33 the Hill Orc Fighter began the quest for the Orb.
     0 | D:1      | Reached XP level 1. HP: 19/19 MP: 1/1
   349 | D:1      | Reached XP level 2. HP: 23/27 MP: 2/2
   541 | D:1      | Reached XP level 3. HP: 32/34 MP: 3/3
   813 | D:1      | Found a faded altar of an unknown god.
  1182 | D:2      | Found a hazy altar of Hepliaklqana.
  1256 | D:2      | Reached XP level 4. HP: 19/41 MP: 4/4
  1622 | D:2      | Reached skill level 5 in Fighting
  2581 | D:3      | Reached skill level 5 in Axes
  2905 | D:3      | Noticed Natasha
  2922 | D:3      | Killed Natasha
  2923 | D:3      | Reached XP level 5. HP: 12/48 MP: 5/5
  4130 | D:4      | Reached XP level 6. HP: 42/57 MP: 6/6
  4324 | D:4      | Noticed a sky beast
  4344 | D:4      | Killed a sky beast
  5354 | D:5      | Entered Level 5 of the Dungeon
  5399 | D:5      | Reached XP level 7. HP: 50/66 MP: 7/7
  5520 | D:5      | Identified the +7 war axe "Lusmiymi" {pain, Will+++}
  5691 | D:5      | Noticed Eustachio
  5697 | D:5      | Killed Eustachio
  5741 | D:5      | Got the Disquisition on Cold
  5798 | D:5      | Noticed Ijyb
  5803 | D:5      | Killed Ijyb
  5804 | D:5      | Reached XP level 8. HP: 62/73 MP: 8/8
  6764 | D:6      | Reached skill level 10 in Axes
  7256 | D:6      | Reached skill level 10 in Fighting
  7256 | D:6      | Reached XP level 9. HP: 70/85 MP: 9/9
  7422 | D:6      | Found a staircase to the Ecumenical Temple.
  7435 | Temple   | Entered the Ecumenical Temple
  7453 | Temple   | Became a worshipper of Warmaster Okawaru
  7576 | D:6      | Found an ancient bone altar of Kikubaaqudgha.
  7588 | D:6      | Found an opulent altar of Gozag.
  7593 | D:6      | Found a stormy altar of Qazlal.
  7597 | D:6      | Found a broken altar of Ashenzari.
  7598 | D:6      | Found a hide-covered altar of Uskayaw.
  7839 | D:6      | Identified the +11 spear "Tycoboa" {holy, Stlth+}
  8166 | D:7      | Reached * piety under Okawaru
  9167 | D:7      | Noticed a two-headed ogre
  9178 | D:7      | Killed a two-headed ogre
  9178 | D:7      | Reached ** piety under Okawaru
  9179 | D:7      | Reached XP level 10. HP: 34/97 MP: 7/10
  9724 | D:7      | Noticed a two-headed ogre
  9731 | D:7      | Killed a two-headed ogre
  9732 | D:7      | Reached skill level 5 in Shields
 10068 | D:8      | Reached *** piety under Okawaru
 10610 | D:8      | Noticed Prince Ribbit
 10782 | D:8      | Noticed an elephant
 10800 | D:8      | Killed an elephant
 10806 | D:8      | Reached **** piety under Okawaru
 10809 | D:8      | Reached XP level 11. HP: 107/107 MP: 9/11
 10821 | D:8      | Found a staircase to the Lair.
 11123 | D:8      | Noticed Grum
 11161 | D:8      | Killed Grum
 11495 | D:8      | Killed Prince Ribbit
 11773 | D:9      | Found a white marble altar of Elyvilon.
 11853 | D:9      | Noticed Pikel
 11913 | D:9      | Killed Pikel
 12169 | D:9      | Found a shimmering blue altar of Sif Muna.
 12468 | D:10     | Entered Level 10 of the Dungeon
 12468 | D:10     | Noticed an eight-headed hydra
 12503 | D:10     | Noticed a two-headed ogre
 12510 | D:10     | Killed a two-headed ogre
 13163 | D:10     | Noticed Maggie
 13171 | D:10     | Killed Maggie
 13328 | D:10     | Reached ***** piety under Okawaru
 13531 | D:9      | Slain by an eight-headed hydra

Illustrated notes

Levels and vault maps discovered:
D:1:      nzn_arrival_crosshair, layout_rooms,
          shapermc_ecumenical_altar_mp_vishouse, serial_bayou_pond_e,
          eino_curves_02, minmay_pentomino_s2
D:2:      layout_basic, basic_altar
D:3:      layout_loops_corners, uniq_natasha
D:4:      layout_basic
D:5:      layout_cave_pods, kennysheep_generic_room_11, uniq_ijyb,
          uniq_eustachio
D:6:      layout_basic, grunt_temple_overflow_open, minmay_temple_entry_mist,
          grunt_decor_fettered, kb_lookout_dungeons_type, supply_closet_lemuel
D:7:      layout_basic
D:8:      layout_basic, david_lair_generic, serial_undead, serial_undead_b,
          serial_undead_f, serial_undead_b, serial_undead_b, uniq_grum,
          uniq_prince_ribbit1
D:9:      layout_cave_pools, mainiacjoe_overflow_concentric_impassable,
          marbit_many_paths, uniq_pikel
D:10:     layout_basic, david_orc_3, uniq_maggie
Temple:   eino_wide_crystal_templ

Skill      XL: |  1  2  3  4  5  6  7  8  9 10 11 |
---------------+----------------------------------+-----
Axes           | 3 4 5 6 7 8 10 12 13 14 | 14.8
Fighting       | 4 5 6 7 8 10 12 13 14 | 14.0
Shields        | 4 6 8 |  8.4
Armour         | |  3.2

Action                   |  1- 3 |  4- 6 |  7- 9 | 10-12 || total
-------------------------+-------+-------+-------+-------++-------
Melee: War axe           |   105 |   196 |   209 |   264 ||   774
Invok: Heroism           |       |       |     2 |     3 ||     5
Evoke: Wand              |       |       |       |     3 ||     3
  Use: Scroll            |       |     4 |     6 |     6 ||    16
       Potion            |       |     1 |     1 |       ||     2
Armor: Scale mail        |    64 |    69 |    75 |    21 ||   229
       Chain mail        |       |       |       |    78 ||    78
Dodge: Dodged            |    31 |    52 |    42 |    67 ||   192
Block: Kite shield       |    64 |   104 |    96 |   170 ||   434
